 Dungeon Crawl Stone Soup version 0.21.1-1-g345015fe64 (webtiles) character file.

348 Evaline the Firebug (level 6, -3/32 HPs)
             Began as a Tengu Fire Elementalist on June 23, 2018.
             Engulfed by a cloud of flame (17 damage)
             ... on level 4 of the Dungeon.
             The game lasted 00:22:24 (2799 turns).

Evaline the Firebug (Tengu Fire Elementalist)       Turns: 2799, Time: 00:22:28

Health: -3/32      AC:  3    Str:  8    XL:     6   Next: 60%
Magic:  6/11       EV: 13    Int: 18    God:
Gold:   208        SH:  0    Dex: 14    Spells: 8/11 levels left

rFire    . . .     SeeInvis .   w - +2 dagger (venom)
rCold    . . .     Gourm    .   (no shield)
rNeg     . . .     Faith    .   j - +0 robe
rPois    .         Spirit   .   (helmet restricted)
rElec    .         Reflect  .   h - +0 cloak
rCorr    .         Harm     .   (no gloves)
MR       .....                  (boots unavailable)
Stlth    ++........             (no amulet)
HPRegen  0.10/turn              (no ring)
MPRegen  0.12/turn              (no ring)

@: no status effects
A: beak, talons 3, able to fly 1
a: Fly


You were on level 4 of the Dungeon.
You were not hungry.

You visited 1 branch of the dungeon, and saw 4 of its levels.

You collected 208 gold pieces.

Inventory:

Hand Weapons
 a - a +2 mace of crushing
 b - a +5 dagger
 q - a +0 trident
 u - a +0 falchion
 w - a +2 dagger of venom (weapon)
Missiles
 e - 42 stones
 r - 5 curare-tipped needles
 s - 8 tomahawks (quivered)
Armour
 h - a +0 cloak (worn)
 j - a +0 robe (worn)
 p - a +0 ring mail of cold resistance
Jewellery
 m - a cursed amulet of harm {unknown}
Wands
 t - a wand of acid (3)
Scrolls
 n - a scroll of remove curse
 o - a scroll of teleportation
 x - 2 scrolls of identify
Potions
 g - a potion of agility {unknown}
 i - a potion of haste {unknown}
 k - a potion of degeneration {unknown}
 l - 3 potions of curing
Books
 f - a book of Flames

   Spells                             Type                      Level
   a - Flame Tongue                   Conjuration/Fire             1
   b - Throw Flame                    Conjuration/Fire             2
   c - Conjure Flame                  Conjuration/Fire             3
   d - Inner Flame                    Hexes/Fire                   3
   e - Sticky Flame                   Conjuration/Fire             4
   f - Fireball                       Conjuration/Fire             5
Comestibles
 c - 2 rations
 d - 4 chunks of flesh


   Skills:
 + Level 0.2 Fighting
 - Level 0.2 Maces & Flails
 + Level 2.9 Dodging
 + Level 3.1 Stealth
 + Level 3.1 Spellcasting
 * Level 3.3 Conjurations
 * Level 5.8 Fire Magic


You had 8 spell levels left.
You knew the following spells:

 Your Spells              Type           Power        Failure   Level  Hunger
x - Throw Flame           Conj/Fire      ###...       3%          2    ##.....
z - Flame Tongue          Conj/Fire      ###..        2%          1    None


Dungeon Overview and Level Annotations

Branches:
Dungeon (4/15)             Temple (0/1) D:4

Altars:
Trog
The Shining One


Innate Abilities, Weirdness & Mutations

You have a beak for a mouth.
You have claws for feet.
You can fly.


Message History

Aim: a hound (almost dead, inner flame)
The flame tongue misses the hound.
The hound barely misses you. x2
Casting: Flame Tongue
Confirm with . or Enter, or press ? or * to list all spells.
Aiming: Flame Tongue
Press: ? - help, Shift-Dir - straight line, f/p - hound
Aim: a hound (almost dead, inner flame)
The flame tongue misses the hound.
The hound closely misses you.
Casting: Flame Tongue
Confirm with . or Enter, or press ? or * to list all spells.
Aiming: Flame Tongue
Press: ? - help, Shift-Dir - straight line, f/p - hound
Aim: a hound (almost dead, inner flame)
The flame tongue hits the hound.
The hound explodes!
The fiery explosion engulfs you!
Ouch! That really hurt!
You are engulfed in blazing flames.
Ouch! That really hurt!
You die...

..## ...# # #..####
##.## #. #.....
##..<##.#.####%..#
##.....#.....##...#
##........###.##§§.#
..........##..§.§.#
........###.##@§##
#...# #....##..#
#.⌠.# #.....#..#
####...###.###.#..#
#..........# .#.?#
#.⌠..>..⌠.## .....
.....#. ..........#
.>### ..#...
.###...#### ..#
....## . #.⌠.# #
#....#


There were no monsters in sight!

Vanquished Creatures
  A centaur (D:3)
  3 orc priests (D:3)
  An orc wizard (D:3)
  A hound (D:4)
  3 adders
  A worm (D:2)
  3 leopard geckos
  10 orcs (D:3)
  8 bats
  6 giant cockroaches
  6 goblins
  5 hobgoblins
  9 jackals
  A quokka (D:3)
  3 ball pythons
  5 frilled lizards
  4 kobolds
  11 rats
81 creatures vanquished.

Notes
Turn   | Place    | Note
-------+----------+-------------------------------------------
     0 | D:1      | Evaline the Tengu Fire Elementalist began the quest for the Orb.
     0 | D:1      | Reached XP level 1. HP: 10/10 MP: 4/4
   136 | D:1      | Reached XP level 2. HP: 15/15 MP: 1/6
   651 | D:1      | Reached skill level 4 in Fire Magic
   651 | D:1      | Reached XP level 3. HP: 19/19 MP: 1/7
  1117 | D:2      | Learned a level 2 spell: Throw Flame
  1408 | D:2      | Reached XP level 4. HP: 24/24 MP: 8/8
  1471 | D:2      | Found a glowing golden altar of the Shining One.
  1670 | D:2      | Found a bloodstained altar of Trog.
  2065 | D:3      | Noticed a centaur
  2074 | D:3      | Killed a centaur
  2074 | D:3      | Reached skill level 5 in Fire Magic
  2074 | D:3      | Gained mutation: You can fly. [Tengu growth]
  2074 | D:3      | Reached XP level 5. HP: 13/28 MP: 4/10
  2293 | D:3      | Reached XP level 6. HP: 27/32 MP: 3/11
  2768 | D:4      | Found a staircase to the Ecumenical Temple.
  2799 | D:4      | Engulfed by a cloud of flame

Skill      XL: |  1  2  3  4  5 |
---------------+----------------+-----
Fire Magic     | 4 5 |  5.8
Conjurations   | 2 3 |  3.3
Stealth        | 3 |  3.1
Spellcasting   | 3 |  3.1
Fighting       | |  0.2
Maces & Flails | |  0.2
Dodging        | |  2.9

Action                   |  1- 3 |  4- 6 || total
-------------------------+-------+-------++-------
Melee: Unarmed           |     3 |       ||     3
       Kick              |     5 |     6 ||    11
       Peck              |     4 |       ||     4
       Dagger            |    16 |    18 ||    34
       Mace              |    23 |     5 ||    28
Throw: Tomahawk          |       |     3 ||     3
 Cast: Flame Tongue      |    31 |    65 ||    96
       Throw Flame       |     3 |     8 ||    11
  Use: Scroll            |       |     5 ||     5
 Stab: Sleeping          |     8 |     4 ||    12
  Eat: Chunk             |     2 |     5 ||     7
Armor: Robe              |    15 |     9 ||    24
Dodge: Dodged            |    33 |    27 ||    60
